 Dungeon Crawl Stone Soup version 0.21.1-1-g345015f (webtiles) character file.

31293 inc the Thaumaturge (level 13, 0/92 HPs)
             Began as an Octopode Fire Elementalist on Mar 16, 2018.
             Was an Initiate of Gozag.
             Slain by a death yak (22 damage)
             ... on level 3 of the Lair of Beasts.
             The game lasted 00:40:11 (20027 turns).

inc the Thaumaturge (Octopode Fire Elementalist)   Turns: 20027, Time: 00:40:12

Health: 0/92       AC:  3    Str:  7    XL:     13   Next: 57%
Magic:  24/31      EV: 16    Int: 23    God:    Gozag
Gold:   579        SH:  0    Dex: 12    Spells: 31/41 levels left

rFire    + + .     SeeInvis .   (no weapon)
rCold    x . .     Gourm    .   (no shield)
rNeg     . . .     Faith    .   (helmet restricted)
rPois    .         Spirit   .   M - amulet of magic regeneration
rElec    .         Reflect  .   d - ring of wizardry
rCorr    .         Harm     .   m - +2 ring of protection
MR       .....                  w - ring of flight
Stlth    +++++.....             H - ring of protection from fire
HPRegen  0.25/turn              z - ring of fire
MPRegen  0.47/turn              (no ring)
                                (no ring)
                                (no ring)

@: gold aura
A: almost no armour, stealthy swim, amphibious, 8 rings, constrict 8, camouflage
1, gelatinous body 1
a: Potion Petition, Call Merchant, Bribe Branch, Renounce Religion, Evoke Flight


You were on level 3 of the Lair of Beasts.
You worshipped Gozag.
Gozag was pleased with you.
You were very hungry.

You visited 3 branches of the dungeon, and saw 18 of its levels.

You collected 3005 gold pieces.
You spent 168 gold pieces at shops.
You paid 2258 gold pieces to Gozag.

Inventory:

Jewellery
 d - a ring of wizardry (left tentacle)
 m - a +2 ring of protection (right tentacle)
 w - a ring of flight (on tentacle)
 z - a ring of fire (on tentacle)
 C - an uncursed amulet of faith
 H - a ring of protection from fire (on tentacle)
 M - an amulet of magic regeneration (around mantle)
Wands
 r - a wand of paralysis (30)
 s - a wand of flame (23)
 A - a wand of random effects (30)
 J - a wand of acid (9)
 K - a wand of polymorph (19)
 L - a wand of iceblast (15)
Scrolls
 j - a scroll of magic mapping
 k - 8 scrolls of remove curse {unknown}
 n - 10 scrolls of teleportation
 o - 2 scrolls of enchant weapon {unknown}
 p - a scroll of enchant armour {unknown}
 v - 4 scrolls of fear
 y - a scroll of acquirement {unknown}
 B - 3 scrolls of noise {unknown}
 D - a scroll of vulnerability {unknown}
 E - 3 scrolls of immolation {unknown}
 F - a scroll of amnesia
 I - a scroll of brand weapon {unknown}
Potions
 c - 3 potions of heal wounds
 e - 2 potions of might
 f - 6 potions of curing
 g - 2 potions of haste
 h - 2 potions of brilliance
 l - 2 potions of lignification
 t - 3 potions of flight
 u - 2 potions of mutation
 G - a potion of resistance
Books
 a - a book of Flames

   Spells                             Type                      Level
   a - Flame Tongue                   Conjuration/Fire             1
   b - Throw Flame                    Conjuration/Fire             2
   c - Conjure Flame                  Conjuration/Fire             3
   d - Inner Flame                    Hexes/Fire                   3
   e - Sticky Flame                   Conjuration/Fire             4
   f - Fireball                       Conjuration/Fire             5
 q - a book of Battle

   Spells                             Type                      Level
   a - Infusion                       Charms                       1
   b - Shroud of Golubria             Charms/Translocation         2
   c - Song of Slaying                Charms                       2
   d - Spectral Weapon                Hexes/Charms                 3
   e - Regeneration                   Charms/Necromancy            3
 x - a book of Flames

   Spells                             Type                      Level
   a - Flame Tongue                   Conjuration/Fire             1
   b - Throw Flame                    Conjuration/Fire             2
   c - Conjure Flame                  Conjuration/Fire             3
   d - Inner Flame                    Hexes/Fire                   3
   e - Sticky Flame                   Conjuration/Fire             4
   f - Fireball                       Conjuration/Fire             5
Comestibles
 b - 9 rations


   Skills:
 - Level 10.2 Fighting
 - Level 6.5 Dodging
 - Level 9.8 Stealth
 + Level 14.6 Spellcasting
 - Level 5.9 Conjurations
 - Level 5.7 Fire Magic


You had 31 spell levels left.
You knew the following spells:

 Your Spells              Type           Power        Failure   Level  Hunger
a - Flame Tongue          Conj/Fire      #####        1%          1    None
b - Sticky Flame          Conj/Fire      ######..     1%          4    None
c - Fireball              Conj/Fire      ######....   3%          5    ###....


Dungeon Overview and Level Annotations

Branches:
Dungeon (12/15)            Temple (0/1) D:7            Lair (4/6) D:10
  Snake (0/4) Lair:2          Orc (2/2) D:9             Elf (0/3) Orc:2
  Swamp: Lair:2-4    Shoals: Lair:2-4

Altars:
Cheibriados
Gozag
Hepliaklqana
Makhleb
Nemelex Xobeh
Qazlal
Trog
Uskayaw
Vehumet
Wu Jian
Yredelemnul
Zin

Shops:
D:2 *   D:7 *   D:8 *   D:9 ?   D:10 =   Orc:2 (   Lair:2 =

Annotations:
D:3 Grinder
D:11 Anonimus's ghost, journeyman DsGl


Innate Abilities, Weirdness & Mutations

You cannot wear most types of armour.
You are very stealthy in the water. (Stealth+)
You are amphibious.
You can wear up to eight rings at the same time.
You can use your tentacles to constrict eight enemies at once.
Your skin changes colour to match your surroundings (Stealth+).
Your rubbery body absorbs attacks. (AC +1, EV +1)


Message History

The death yak is covered in liquid flames!
The death yak burns!
The death yak gores you!!
* * * LOW HITPOINT WARNING * * *
The death yak burns!
The death yak burns!
The death yak burns!
The death yak burns!
The death yak stops burning.
You are feeling very hungry.
Casting: Sticky Flame
Confirm with . or Enter, or press ? or * to list all spells.
Aiming: Sticky Flame
Press: ? - help, Shift-Dir - straight line, f/p - death yak
Aim: a death yak (heavily wounded)
You feel a surge of power!
The sticky flame hits the death yak.
The death yak appears unharmed.
The death yak is heavily wounded.
The death yak is covered in liquid flames!
The death yak burns!
The death yak gores you!!
You die...
Your body crumbles into a pile of gold.

#.................
#....##...........
##.#......#...≈≈≈≈≈
#..P...#.##...≈≈≈≈≈
#..+.....#.#.≈≈≈≈≈≈
#PD#...#..##.≈≈≈≈≈≈
##.+......#.≈≈≈≈≈<.
#Y#...#.###.≈≈≈≈.≈
##@##$##.##..≈≈≈≈≈≈
#........##...≈≈≈≈≈
#............≈≈≈≈≈≈
##................≈
#.................
#.................
#.....###.####....
#.....# ### ##....
#......# #PP...


You could see a death yak (burning) and a five-headed hydra.

Vanquished Creatures
  An ettin (Orc:1)
  3 two-headed ogres
  2 death yaks (Lair:3)
  Nergalle (Orc:1)
  Pikel (D:7)
  A cyclops (D:11)
  An orc sorcerer (Orc:1)
  A black mamba (Lair:3)
  4 spiny frogs
  A rime drake (Lair:3)
  2 komodo dragons
  2 polar bears
  A hornet (D:7)
  5 hippogriffs
  A blink frog (Lair:4)
  A shadow (D:11)
  Sigmund (D:4)
  A wyvern (D:9)
  3 spriggans
  6 yaks (Lair:3)
  A hungry ghost (D:9)
  Menkaure (D:7)
  A soldier ant (D:11)
  3 nagas (Lair:2)
  2 wargs
  3 water moccasins
  2 porcupines
  6 orc warriors
  A slave (D:7)
  2 black bears
  3 phantoms
  A sky beast (D:7)
  5 ogres
  9 wolves
  5 centaurs
  4 crocodiles
  2 big kobolds
  9 bullfrogs
  4 scorpions
  4 killer bees (D:7)
  A howler monkey (D:9)
  4 crimson imps
  A bullfrog zombie (D:8)
  5 jellies
  3 hounds
  11 orc wizards
  A bullfrog skeleton (D:10)
  6 orc priests
  6 centaur skeletons
  2 iguanas
  Ijyb (D:4)
  10 worker ants
  A hound zombie (D:6)
  2 hound skeletons
  19 gnolls
  A howler monkey skeleton (D:8)
  8 adders
  3 shadow imps
  An adder zombie (D:7)
  3 worms
  A dart slug (D:2)
  8 leopard geckos
  30 orcs
  3 giant cockroaches
  5 goblins
  13 hobgoblins
  7 jackals
  19 kobolds
  4 quokkas
  5 bats
  6 frilled lizards
  A jackal skeleton (D:7)
  2 leopard gecko skeletons
  A leopard gecko zombie (D:3)
  A quokka skeleton (D:6)
  6 rats
  A spectral orc (D:2)
309 creatures vanquished.

Vanquished Creatures (others)
  The ghost of inc the Sneak, a novice OpEn (D:7)
  A crimson imp (D:7)
  An adder (D:4)
  An ooze (D:4)
  A kobold (D:7)
5 creatures vanquished.

Grand Total: 314 creatures vanquished

Notes
Turn   | Place    | Note
-------+----------+-------------------------------------------
     0 | D:1      | inc the Octopode Fire Elementalist began the quest for the Orb.
     0 | D:1      | Reached XP level 1. HP: 11/11 MP: 3/3
   165 | D:1      | Reached XP level 2. HP: 9/17 MP: 1/5
   677 | D:1      | Reached XP level 3. HP: 21/21 MP: 1/6
   926 | D:2      | Found a radiant altar of Vehumet.
  1142 | D:2      | Found an opulent altar of Gozag.
  1401 | D:2      | Became a worshipper of Gozag Ym Sagoz the Greedy
  1633 | D:2      | Reached XP level 4. HP: 24/27 MP: 7/7
  1763 | D:2      | Found Zin's Purification Station.
  1766 | D:2      | Found a glowing silver altar of Zin.
  1864 | D:2      | Found a bloodstained altar of Trog.
  1953 | D:2      | Found a basalt altar of Yredelemnul.
  2427 | D:3      | Noticed a phantom
  2442 | D:3      | Reached skill level 3 in Spellcasting
  2479 | D:3      | Killed a phantom
  2479 | D:3      | Reached skill level 4 in Spellcasting
  2479 | D:3      | Reached XP level 5. HP: 24/31 MP: 1/11
  2623 | D:3      | Noticed Grinder
  2781 | D:3      | Found a sparkling altar of Nemelex Xobeh.
  3162 | D:3      | Reached XP level 6. HP: 36/36 MP: 8/12
  3565 | D:4      | Noticed Ijyb
  3579 | D:4      | Killed Ijyb
  3585 | D:4      | Learned a level 4 spell: Sticky Flame
  4293 | D:4      | Found a burning altar of Makhleb.
  4297 | D:4      | Found a stormy altar of Qazlal.
  4385 | D:4      | Reached XP level 7. HP: 23/41 MP: 5/13
  4938 | D:4      | Noticed Sigmund
  4955 | D:5      | Entered Level 5 of the Dungeon
  5157 | D:5      | Reached skill level 5 in Conjurations
  5223 | D:5      | Reached skill level 5 in Fire Magic
  6039 | D:6      | Reached XP level 8. HP: 46/46 MP: 11/14
  6046 | D:6      | Reached skill level 9 in Spellcasting
  6046 | D:6      | Reached XP level 9. HP: 62/62 MP: 12/22
  6867 | D:6      | Noticed a two-headed ogre
  6884 | D:6      | Killed a two-headed ogre
  7077 | D:7      | Noticed a hornet
  7082 | D:7      | Paralysed by a hornet for 2 turns
  7086 | D:7      | Killed a hornet
  7323 | D:7      | Reached XP level 10. HP: 54/68 MP: 12/23
  7419 | D:7      | Noticed Pikel
  7428 | D:7      | Killed Pikel
  7502 | D:7      | Found a snail-covered altar of Cheibriados.
  7655 | D:7      | Found a staircase to the Ecumenical Temple.
  7655 | D:7      | Noticed inc's ghost (novice OpEn)
  7736 | D:4      | Killed Sigmund
  8267 | D:7      | Found a hazy altar of Hepliaklqana.
  8268 | D:7      | Noticed Menkaure
  8280 | D:7      | Killed Menkaure
  8389 | D:7      | Killed inc's ghost
  8420 | D:7      | Found a hide-covered altar of Uskayaw.
  8729 | D:8      | Found Rotuenlu's General Store.
  8732 | D:8      | Bought a scroll of blinking for 82 gold pieces
  8732 | D:8      | Bought a scroll of magic mapping for 38 gold pieces
  8914 | D:8      | Reached skill level 10 in Spellcasting
  9364 | D:8      | Noticed a two-headed ogre
  9380 | D:8      | Killed a two-headed ogre
  9595 | D:9      | Found an ornate altar of the Wu Jian Council.
  9899 | D:9      | Found a staircase to the Orcish Mines.
 10194 | D:9      | Reached XP level 11. HP: 72/72 MP: 17/25
 10327 | D:9      | Found Lipn's Magic Scroll Shop.
 10342 | D:9      | Bought a scroll of teleportation for 48 gold pieces
 10741 | D:10     | Entered Level 10 of the Dungeon
 10758 | D:10     | Reached skill level 11 in Spellcasting
 10819 | D:10     | Noticed a two-headed ogre
 10829 | D:10     | Killed a two-headed ogre
 11734 | D:10     | Found a staircase to the Lair.
 12018 | D:10     | Learned a level 5 spell: Fireball
 13250 | D:11     | Noticed a cyclops
 13259 | D:11     | Killed a cyclops
 13385 | D:11     | Noticed a white ugly thing
 13712 | D:11     | Noticed a cyclops
 13717 | D:11     | Noticed Anonimus's ghost (journeyman DsGl)
 13908 | Orc:1    | Entered Level 1 of the Orcish Mines
 13919 | Orc:1    | Noticed an orc sorcerer
 13926 | Orc:1    | Paralysed by an orc sorcerer for 4 turns
 13930 | Orc:1    | Killed an orc sorcerer
 13959 | Orc:1    | Noticed Nergalle
 13977 | Orc:1    | Killed Nergalle
 14319 | Orc:1    | Noticed an ettin
 14416 | Orc:2    | Entered Level 2 of the Orcish Mines
 14416 | Orc:2    | Noticed an orc knight
 14432 | Orc:2    | Noticed an orc warlord
 14461 | Orc:2    | Found Emymenk's Weapon Shop.
 14776 | Orc:1    | HP: 3/80 [ettin/dire flail (28)]
 14786 | Orc:1    | Killed an ettin
 15143 | Orc:1    | Noticed an orc knight
 15146 | Orc:1    | Noticed an orc sorcerer
 15576 | Lair:1   | Entered Level 1 of the Lair of Beasts
 15964 | Lair:1   | Reached skill level 10 in Fighting
 15964 | Lair:1   | Reached XP level 12. HP: 55/87 MP: 21/27
 16757 | Lair:2   | Found a staircase to the Snake Pit.
 17360 | Lair:2   | Reached skill level 12 in Spellcasting
 17757 | Lair:3   | Reached skill level 13 in Spellcasting
 17757 | Lair:3   | Reached XP level 13. HP: 92/92 MP: 23/30
 17836 | Lair:3   | HP: 2/92 [yak (16)]
 18263 | Lair:3   | Reached skill level 14 in Spellcasting
 20027 | Lair:3   | Slain by a death yak

Skill      XL: |  1  2  3  4  5  6  7  8  9 10 11 12 13 |
---------------+----------------------------------------+-----
Conjurations   | 2 3 4 5 |  5.9
Spellcasting   | 4 9 10 11 13 14 | 14.6
Fire Magic     | 4 5 |  5.7
Fighting       | 6 10 | 10.2
Dodging        | 6 |  6.5
Stealth        | 8 9 |  9.8

Action                   |  1- 3 |  4- 6 |  7- 9 | 10-12 | 13-15 || total
-------------------------+-------+-------+-------+-------+-------++-------
Melee: Unarmed           |    27 |    11 |     9 |    47 |     1 ||    95
       Constrict         |     8 |     2 |     1 |     8 |       ||    19
       Tentacles         |     3 |     1 |     2 |     7 |       ||    13
 Cast: Flame Tongue      |    72 |    96 |   125 |   452 |    48 ||   793
       Sticky Flame      |       |     1 |     8 |    73 |    36 ||   118
       Fireball          |       |       |       |     4 |     5 ||     9
Invok: Call Merchant     |       |       |       |     2 |     1 ||     3
  Use: Potion            |       |     2 |     1 |     4 |     1 ||     8
       Scroll            |       |       |     5 |    10 |     1 ||    16
 Stab: Sleeping          |     2 |       |       |     2 |     1 ||     5
  Eat: Chunk             |     2 |       |       |       |       ||     2
       Ration            |     1 |     2 |     3 |    11 |     1 ||    18
Armor: Skin              |    13 |     6 |     5 |    26 |     4 ||    54
Dodge: Dodged            |    41 |    43 |    53 |   233 |    57 ||   427
